 Dungeon Crawl Stone Soup version 0.32-a0-872-g59262bdc9b (webtiles) character file.

Game seed: 3834302906957109449

30132 oldriver the Warrior (level 13, -2/231 HPs)
             Began as an Oni Shapeshifter on Mar 30, 2024.
             Was a Priest of Yredelemnul.
             Slain by a vampire mosquito (5 damage)
             ... on level 5 of the Lair of Beasts.
             The game lasted 00:26:33 (20215 turns).

oldriver the Warrior (Oni Shapeshifter)            Turns: 20215, Time: 00:26:34

Health: -2/231     AC: -3    Str: 25    XL:     13   Next: 49%
Magic:  17/17      EV: 14    Int: 11    God:    Yredelemnul [***...]
Gold:   166        SH:  0    Dex:  8    Spells: 12/12 levels left

rFire   . . .        o - +11 plutonium sword {^Contam Stlth-}
rCold   . . .        (shield currently unavailable)
rNeg    . . .        a - +1 animal skin
rPois   +            (helmet currently unavailable)
rElec   .            (cloak currently unavailable)
rCorr   .            (gloves unavailable)
SInv    .            (boots unavailable)
Will    ++...        M - amulet of faith Stlth
                     d - +5 ring of evasion
HPRegen 0.58/turn    E - ring of poison resistance
MPRegen 0.15/turn

%: faith
@: berserking, beast-form, corroded, enlightened, flying, wreathed by umbra,
very quick
A: beast (slay +1), large, unfitting armour, horns 1, tough skin 1, double
potion healing, drunken brawling
a: Begin Untransformation, Renounce Religion, Light the Black Torch, Recall
Undead Harvest, Hurl Torchlight


You were on level 5 of the Lair of Beasts.
You worshipped Yredelemnul.
Yredelemnul was noncommittal.
You were a hulking beast.
You visited 3 branches of the dungeon, and saw 17 of its levels.
You also visited: Sewer.

You collected 826 gold pieces.
You spent 660 gold pieces at shops.

Inventory:

Hand Weapons
 o - the +11 plutonium sword (weapon) {^Contam Stlth-}
   (You found it on level 5 of the Dungeon)

   ^Contam:   It causes magical contamination when unequipped.
   Stlth-:    It makes you less stealthy.
 C - a +2 hammer of venom
Missiles
 e - 2 atropa-tipped darts
 f - 5 throwing nets
 p - 52 poisoned darts
 t - 120 stones (quivered)
Armour
 a - a +1 animal skin (worn)
 A - a +0 cloak
Jewellery
 d - a +5 ring of evasion (left hand)
 l - a ring of see invisible
 E - a ring of poison resistance (right hand)
 M - an amulet of faith (around neck)
 P - an amulet of guardian spirit
Talismans
 c - a beast talisman (active)
Wands
 b - a wand of mindburst (27)
 y - a wand of roots (6)
 K - a wand of flame (30)
 N - a wand of acid (2)
 O - a wand of polymorph (3)
Scrolls
 h - 3 scrolls of vulnerability
 k - 3 scrolls of poison
 v - 3 scrolls of fear
 z - 6 scrolls of fog
 F - a scroll of brand weapon
 G - a scroll of immolation
 H - a scroll of identify
 L - a scroll of enchant armour
Potions
 g - 4 potions of curing
 j - a potion of berserk rage
 m - 4 potions of brilliance
 n - a potion of enlightenment
 q - a potion of heal wounds
 r - 5 potions of ambrosia {unknown}
 s - 4 potions of attraction
 u - a potion of magic {unknown}
 w - 2 potions of might {unknown}
 x - 2 potions of degeneration {unknown}
 B - 2 potions of invisibility
 D - 2 potions of lignification
 I - 4 potions of mutation {unknown}
 J - 2 potions of cancellation {unknown}


   Skills:
 + Level 16.8 Fighting
 + Level 14.9 Long Blades
 - Level 4.0 Throwing
 - Level 2.0 Armour
 + Level 5.1 Dodging
 - Level 2.6 Unarmed Combat
 + Level 5.7 Invocations
 - Level 3.0 Shapeshifting


You had 12 spell levels left.
You didn't know any spells.
Your spell library contained the following spells:

 Spells                   Type           Power      Damage    Failure   Level
 Magic Dart               Conj           0%         1d3       34%         1
 Summon Small Mammal      Summ           0%         N/A       34%         1
 Blink                    Tloc           0%         N/A       47%         2
 Call Imp                 Summ           0%         N/A       47%         2
 Ensorcelled Hibernation  Hex/Ice        0%         N/A       47%         2
 Call Canine Familiar     Summ           0%         N/A       71%         3
 Dazzling Flash           Conj/Hex       0%         N/A       71%         3
 Mephitic Cloud           Conj/Alch/Air  0%         N/A       71%         3
 Passwall                 Erth           0%         N/A       71%         3
 Swiftness                Air            0%         N/A       71%         3
 Summon Blazeheart Golem  Fire/Summ      0%         N/A       98%         4
 Curse of Agony           Necr           0%         N/A       100%        5
 Silence                  Hex/Air        0%         N/A       100%        5


Dungeon Overview and Level Annotations

Branches:
Dungeon (11/15)            Temple (1/1) D:5            Lair (5/5) D:8
 Shoals (0/4) Lair:2        Snake (0/4) Lair:2        Sewer (visited)
  Slime: Lair:4-5       Orc: D:9-12

Altars:
Ashenzari
Cheibriados
Dithmenos
Elyvilon
Fedhas
Gozag
Hepliaklqana
Kikubaaqudgha
Makhleb
Nemelex Xobeh
Okawaru
Qazlal
Ru
Sif Muna
Trog
Uskayaw
Vehumet
Wu Jian
Xom
Yredelemnul
Zin
The Shining One

Shops:
D:2 =   D:9 *

Portals:
Trove: D:10 (give 7 potions of haste)


Innate Abilities, Weirdness & Mutations

You are a hulking beast.
Your limbs bulge with bestial killing power. (Slay +1)
You are too large for most types of armour.
You have a pair of small horns on your head.
You have tough skin. (AC +1)
You gain doubled healing and magic from potions.
Whenever you drink a healing potion, you attack all around you.


Message History

The vampire mosquito bites your bullfrog zombie!
Your bullfrog zombie is destroyed!
Your bullfrog zombie hits the wolf.
Your bullfrog zombie barely misses the wolf.
The wolf bites your bullfrog zombie. The goliath frog hits you from afar!
* * * LOW HITPOINT WARNING * * *
The acid corrodes you!
You are splashed with acid!
* * * LOW HITPOINT WARNING * * *
You barely miss the wolf. You headbutt the wolf.
The wolf is lightly wounded.
Your bullfrog zombie hits the wolf.
The cane toad stings your bullfrog zombie!
Your bullfrog zombie is destroyed!
Your bullfrog zombie hits the wolf.
The wolf splashes around in the water.
The vampire mosquito barely misses you. The goliath frog misses you.
You miss the vampire mosquito. The wolf closely misses you.
A blink frog comes into view.
The vampire mosquito barely misses you.
Your bullfrog zombie closely misses the wolf.
Unknown command.
You miss the vampire mosquito.
Your headbutt misses the vampire mosquito.
The vampire mosquito barely misses you. The wolf barely misses you.
The goliath frog hits you from afar!!
* * * LOW HITPOINT WARNING * * *
You are splashed with acid.
* * * LOW HITPOINT WARNING * * *
The blink frog blinks!
Your bullfrog zombie barely misses the wolf.
You are too berserk!
You are too berserk!
You slice the vampire mosquito!!
Your headbutt misses the vampire mosquito.
The vampire mosquito is severely damaged.
The vampire mosquito misses you.
The wolf splashes around in the water.
The goliath frog barely misses you. The skyshark misses you.
The skyshark closely misses you. The skyshark barely misses you.
The wolf splashes around in the water.
The vampire mosquito bites you.
You die...
Your body rises from the dead as a mindless zombie.

....§P~~~~~~~≈~~~
......~~~~~≈~~~P~
....~.~~~~≈≈≈~~~~
......~~~≈≈≈≈~~~.
.....~~~~≈~≈~~~~~
.....~~~~Z~F~~≈.~
...~~~~hh≈h~~#
#~~~Fyh# #.~~#F##
#~~.### ####


You could see a skyshark, a goliath frog, a cane toad, a vampire mosquito, 3
wolves and a friendly bullfrog zombie.

Vanquished Creatures
  Fannar (D:11)
  Erolcha (D:11)
  2 hydras
  2 two-headed ogres
  A centaur warrior (D:11)
  3 death yaks (Lair:3)
  Urug (Lair:2)
  Nergalle (Lair:1)
  A skyshark (Lair:4)
  A deep elf pyromancer (D:7)
  A cyclops (D:11)
  An elephant (D:8)
  4 black mambas
  9 cane toads
  3 komodo dragons
  A rime drake (Lair:3)
  A hornet (D:8)
  2 trolls
  4 blink frogs (Lair:4)
  A jumping spider (Lair:3)
  13 yaks
  Sigmund (D:5)
  A vampire (D:10)
  A wyvern (Lair:1)
  2 vampire mosquitoes (Lair:5)
  A basilisk (Lair:1)
  2 nagas (Lair:2)
  An acid dragon (D:10)
  Edmund (D:5)
  4 water moccasins
  2 orc warriors
  3 black bears
  An ogre (D:7)
  A centaur (D:5)
  A phantom (D:6)
  2 wolves (Lair:2)
  5 kobold brigands
  13 bullfrogs
  3 scorpions
  9 wights
  5 killer bees (D:10)
  2 howler monkeys
  5 hounds
  A jelly (D:4)
  7 orc priests
  Crazy Yiuf (D:3)
  4 sleepcaps
  7 orc wizards
  4 iguanas
  6 adders
  5 gnolls
  7 ribbon worms
  35 orcs
  8 endoplasms
  11 goblins
  12 hobgoblins
  37 kobolds
  4 quokkas
  7 ball pythons
  3 bats
  4 frilled lizards
  11 rats
294 creatures vanquished.

Vanquished Creatures (collateral kills)
  Harold (Lair:1)
  3 death yaks (Lair:3)
  A shining eye (Lair:4)
  An ugly thing (D:10)
  A black mamba (Lair:3)
  4 cane toads
  A komodo dragon (Lair:4)
  3 blink frogs (Lair:4)
  A shadow (D:11)
  A wyvern (D:7)
  6 yaks
  3 water moccasins
  3 wolves (Lair:2)
  A centaur (D:7)
  3 bullfrogs
  A wight (D:7)
  A killer bee (D:10)
  An electric eel (Lair:4)
  2 howler monkeys (D:11)
  An orc priest (D:11)
  An iguana (D:7)
  A white imp (D:8)
  5 orcs
  A kobold (D:8)
  A butterfly (Lair:3)
48 creatures vanquished.

Vanquished Creatures (others)
  A death yak zombie (Lair:3)
  A spectral two-headed ogre (D:7)
  A black mamba zombie (Lair:5)
  3 cane toad zombies
  An elf zombie (D:7)
  A blink frog zombie (Lair:4)
  A rime drake zombie (Lair:3)
  A komodo dragon zombie (Lair:4)
  A water moccasin zombie (Lair:4)
  4 yak zombies
  A centaur zombie (D:7)
  A black bear zombie (Lair:2)
  6 bullfrog zombies
  A naga zombie (Lair:2)
  An ogre zombie (D:7)
  A howler monkey zombie (D:8)
  14 orc zombies
  2 gnoll zombies (D:7)
  10 kobold zombies
52 creatures vanquished.

Grand Total: 394 creatures vanquished

Notes
Turn   | Place    | Note
-------+----------+-------------------------------------------
     0 | D:1      | oldriver the Oni Shapeshifter began the quest for the Orb.
     0 | D:1      | Reached XP level 1. HP: 19/19 MP: 1/1
    97 | D:1      | Reached skill level 2 in Fighting
   132 | D:1      | Reached skill level 3 in Fighting
   132 | D:1      | Reached XP level 2. HP: 19/31 MP: 2/2
   444 | D:1      | Reached XP level 3. HP: 39/39 MP: 3/3
   598 | D:1      | Reached skill level 4 in Fighting
   939 | D:2      | Found Mivon's Jewellery Boutique.
   996 | D:2      | Reached skill level 5 in Fighting
   996 | D:2      | Reached XP level 4. HP: 44/50 MP: 4/4
  1717 | D:3      | Found a runed translucent door.
  1745 | D:3      | Reached XP level 5. HP: 55/58 MP: 5/5
  1783 | D:3      | Reached skill level 1 in Armour
  1785 | D:3      | Found a glowing drain.
  1799 | D:3      | Reached skill level 1 in Throwing
  1803 | Sewer    | Entered a sewer
  1971 | Sewer    | Reached skill level 6 in Fighting
  2562 | D:3      | Noticed Crazy Yiuf
  3145 | D:4      | Reached XP level 6. HP: 62/68 MP: 6/6
  3192 | D:4      | Reached skill level 7 in Fighting
  3538 | D:4      | Found a blossoming altar of Fedhas.
  3538 | D:4      | Found an ancient bone altar of Kikubaaqudgha.
  3545 | D:4      | Found a hazy altar of Hepliaklqana.
  3547 | D:4      | Found a broken altar of Ashenzari.
  3549 | D:4      | Found a faded altar of an unknown god.
  3971 | D:5      | Entered Level 5 of the Dungeon
  4015 | D:5      | Noticed Edmund
  4057 | D:5      | Killed Edmund
  4058 | D:5      | Reached XP level 7. HP: 15/79 MP: 7/7
  4278 | D:5      | Identified the +0 robe "Qoidghe Voir" {Int+6}
  4294 | D:5      | Noticed Sigmund
  4304 | D:5      | Killed Sigmund
  4305 | D:5      | Reached skill level 8 in Fighting
  4631 | D:5      | Reached skill level 9 in Fighting
  5025 | D:5      | Found a staircase to the Ecumenical Temple.
  5033 | D:5      | Reached XP level 8. HP: 82/93 MP: 8/8
  5101 | D:5      | Reached skill level 10 in Fighting
  5166 | D:5      | Found the +11 plutonium sword {^Contam Stlth-}
  5513 | D:3      | Killed Crazy Yiuf
  5750 | Temple   | Entered the Ecumenical Temple
  5763 | Temple   | Became a worshipper of Yredelemnul the Fallen
  6733 | D:7      | Reached skill level 11 in Fighting
  6831 | D:7      | Noticed a deep elf pyromancer
  7155 | D:2      | Bought a ring of poison resistance for 220 gold pieces
  7276 | D:7      | Killed a deep elf pyromancer
  7277 | D:7      | Reached skill level 12 in Fighting
  7277 | D:7      | Reached XP level 9. HP: 88/109 MP: 9/9
  7409 | D:7      | Reached skill level 13 in Fighting
  7639 | D:7      | Noticed a two-headed ogre
  7963 | D:7      | Killed a two-headed ogre
  7964 | D:7      | Reached skill level 14 in Fighting
  8527 | D:7      | Reached skill level 15 in Fighting
  9078 | D:8      | Reached XP level 10. HP: 126/126 MP: 10/10
  9244 | D:8      | Reached skill level 1 in Long Blades
  9533 | D:8      | Found a staircase to the Lair.
  9533 | D:8      | Noticed an elephant
  9557 | D:8      | Reached skill level 16 in Fighting
  9560 | D:8      | Killed an elephant
 10302 | D:9      | Reached skill level 5 in Long Blades
 10468 | D:9      | Found Gonuffum's Assorted Antiques.
 11221 | D:10     | Entered Level 10 of the Dungeon
 11266 | D:10     | Reached * piety under Yredelemnul
 11374 | D:10     | Found a portal to a secret trove of treasure.
 11878 | D:10     | Noticed a red ugly thing
 11886 | D:10     | Killed a cyan ugly thing
 11887 | D:10     | Reached XP level 11. HP: 118/135 MP: 11/11
 11897 | D:10     | Noticed a two-headed ogre
 11902 | D:10     | Killed a two-headed ogre
 12361 | D:11     | Noticed a centaur warrior
 12712 | D:11     | Noticed Fannar
 12728 | D:11     | Killed Fannar
 13068 | D:11     | Noticed Erolcha
 13068 | D:11     | Noticed a cyclops
 13093 | D:11     | Killed a cyclops
 13098 | D:11     | Killed Erolcha
 13590 | D:11     | Killed a centaur warrior
 13591 | D:11     | Reached skill level 10 in Long Blades
 14094 | Lair:1   | Entered Level 1 of the Lair of Beasts
 14340 | Lair:1   | Noticed Harold
 14343 | Lair:1   | Killed Harold
 14394 | Lair:1   | Noticed Nergalle
 14408 | Lair:1   | Killed Nergalle
 14595 | Lair:1   | Reached ** piety under Yredelemnul
 14599 | Lair:1   | Reached XP level 12. HP: 125/144 MP: 12/12
 14804 | Lair:1   | Reached skill level 1 in Invocations
 15587 | Lair:2   | Found a sparkling altar of Nemelex Xobeh.
 15605 | Lair:2   | Found a staircase to the Shoals.
 15772 | Lair:2   | Found a staircase to the Snake Pit.
 15791 | Lair:2   | Noticed Urug
 15802 | Lair:2   | Killed Urug
 15961 | Lair:2   | Noticed a six-headed hydra
 15973 | Lair:2   | Killed a nine-headed hydra
 17588 | Lair:3   | Noticed a death yak
 17588 | Lair:3   | Noticed a death yak
 17588 | Lair:3   | Noticed a death yak
 17615 | Lair:3   | Noticed a death yak
 17621 | Lair:3   | Noticed a death yak
 17623 | Lair:3   | Noticed a death yak
 17626 | Lair:3   | Killed a death yak
 17636 | Lair:3   | Killed a death yak
 17641 | Lair:3   | Killed a death yak
 17645 | Lair:3   | Killed a death yak
 17647 | Lair:3   | Killed a death yak
 17648 | Lair:3   | Reached XP level 13. HP: 42/153 MP: 9/16
 18443 | D:2      | Bought an amulet of faith for 440 gold pieces
 18687 | Lair:4   | Identified the +8 flail "Weblicufa" {freeze, rF+ rN+}
 18925 | Lair:4   | Reached *** piety under Yredelemnul
 18936 | Lair:4   | Reached skill level 5 in Invocations
 19927 | Lair:5   | Entered Level 5 of the Lair of Beasts
 20173 | Lair:5   | Reached skill level 5 in Dodging
 20173 | Lair:5   | HP: 3/154 [tyrant leech (21)]
 20214 | Lair:5   | HP: 9/231 [goliath frog (22)]
 20214 | Lair:5   | HP: 3/231 [acid (6)]
 20215 | Lair:5   | Slain by a vampire mosquito

Illustrated notes

Levels and vault maps discovered:
D:1:      lemuel_arrival_broad_hall, layout_rooms, chequers_serial_rivers_marsh,
          hangedman_abyss_or_decor_lesser_grid, minmay_misc_feat_room,
          kennysheep_pointless_box, corexii_leaking_fountain,
          serial_park_tiny_2, minmay_hexomino_f4
D:2:      layout_basic, serial_shops, nicolae_shop_gaudy_bauble, minivault_24
D:3:      cheibrodos_pilgrimage, layout_basic, cheibrodos_sewer_entry_bend,
          uniq_crazy_yiuf_cottage
D:4:      layout_basic, chequers_temple_overflow_minitemple,
          kennysheep_generic_room_4
D:5:      minmay_evil_eye, layout_rooms, minmay_temple_entry_statues_pillars,
          sigmund_edmund_badplayer
D:6:      layout_basic
D:7:      layout_basic
D:8:      layout_basic, david_lair_generic, serial_corexii_hall,
          chequers_hall_statues_corner_a, corexii_hall_statues_l,
          chequers_hall_statues_y, fungi_pond_lemuel, minmay_unpleasant_kobolds
D:9:      layout_irregular_city, serial_shops, shop
D:10:     layout_cross, nicolae_trove_entry_isolated, grunt_ministairs_9,
          minmay_misc_feat_cross, grunt_decor_resistance
D:11:     layout_layer_cave, minmay_variable_closet, uniq_erolcha, uniq_fannar
Temple:   nicolae_temple_two_arcs
Lair:1:   layout_loops_ring, uniq_harold, uniq_nergalle
Lair:2:   layout_hall_layers, elwin_shoals_entry_rocks,
          guppyfry_snake_entry_island, basic_altar, uniq_urug
Lair:3:   layout_chaotic_city, infiniplex_staircase_pool, lemuel_fruit_tree,
          lemuel_fruit_fields
Lair:4:   layout_loops_ring, serial_bayou_lagoon_b
Lair:5:   minmay_lair_end_frog_pond, layout_hall_layers, slime_entry_1,
          uniq_nessos

Skill      XL: |  1  2  3  4  5  6  7  8  9 10 11 12 13 |
---------------+----------------------------------------+-----
Fighting       | 3 5 6 7 9 12 15 16 | 16.8
Dodging        | 2 4 5 |  5.1
Armour         | 1 2 |  2.0
Throwing       | 1 2 4 |  4.0
Long Blades    | 7 11 14 | 14.9
Invocations    | 4 5 |  5.7
Unarmed Combat | |  2.6
Shapeshifting  | |  3.0

Action                     |  1- 3 |  4- 6 |  7- 9 | 10-12 | 13-15 || total
---------------------------+-------+-------+-------+-------+-------++-------
  Melee: Unarmed           |    46 |       |       |       |       ||    46
         Headbutt          |    13 |    39 |    69 |    51 |    15 ||   187
         Dagger            |    49 |   221 |   270 |       |       ||   540
         Triple sword      |       |       |     5 |   299 |    66 ||   370
  Throw: Dart              |       |     2 |     5 |       |     2 ||     9
         Stone             |       |    22 |     3 |       |       ||    25
         Throwing net      |       |       |     1 |       |       ||     1
 Invoke: Light the Black T |       |       |     4 |     6 |     2 ||    12
         Hurl Torchlight   |       |       |       |     2 |       ||     2
  Evoke: Wand              |       |       |    12 |    15 |     1 ||    28
    Use: Scroll            |       |    13 |     3 |     4 |     2 ||    22
         Potion            |       |     2 |     3 |     2 |     6 ||    13
   Stab: Invisible         |       |     2 |       |       |       ||     2
         Distracted        |       |       |     1 |     4 |       ||     5
 Armour: Animal skin       |    43 |    73 |   177 |   299 |    89 ||   681
         Skin              |       |    32 |       |       |       ||    32
  Dodge: Dodged            |    55 |    94 |   242 |   304 |   124 ||   819

Table legend: (Time is in decaauts)
 A = Elapsed time spent in this place.
 B = Non-inter-level travel time spent in this place.
 C = Inter-level travel time spent in this place.
 D = Time resting spent in this place.
 E = Time spent auto-exploring this place.
 F = Levels seen in this place.
 G = Mean time per level.
                   A        B        C        D        E       F      G
               +--------+--------+--------+--------+--------+-----+--------+
         Total |  20364 |  18550 |   1814 |   3564 |  11717 |  18 | 1131.3 |
       Dungeon |  14133 |  12653 |   1480 |   2389 |   7859 |  11 | 1284.8 |
        Temple |     23 |      4 |     19 |      0 |      0 |   1 |   23.0 |
          Lair |   5906 |   5592 |    314 |   1175 |   3700 |   5 | 1181.2 |
         Sewer |    301 |    301 |      0 |      0 |    158 |   1 |  301.0 |
               +--------+--------+--------+--------+--------+-----+--------+

Top non-repeatable levels by time:
     D:7: 1743 daAuts
  Lair:2: 1625 daAuts
    D:10: 1602 daAuts
     D:3: 1503 daAuts
     D:6: 1373 daAuts
  Lair:1: 1363 daAuts
     D:8: 1359 daAuts
     D:5: 1354 daAuts
  Lair:4: 1347 daAuts
  Lair:3: 1337 daAuts
     D:4: 1276 daAuts
    D:11: 1273 daAuts
     D:9: 1037 daAuts
     D:2: 844 daAuts
     D:1: 763 daAuts
